 Dungeon Crawl Stone Soup version 0.18.1-47-g9310371 (webtiles) character file.

35 LORDOFBUTT the Ruffian (level 3, -2/31 HPs)
             Began as a Ghoul Monk on June 14, 2016.
             Slain by a goblin
             ... wielding a +0 dagger
             ... led by Robin
              (5 damage)
             ... on level 2 of the Dungeon.
             The game lasted 00:01:29 (923 turns).

LORDOFBUTT the Ruffian (Ghoul Monk)                  Turns: 923, Time: 00:01:30

Health: -2/31      AC:  2    Str: 14    XL:     3   Next: 33%
Magic:  2/2        EV: 13    Int:  5    God:
Gold:   81         SH:  0    Dex: 12    Spells: 0 memorised, 2 levels left

rFire  . . .     SeeInvis .       - Unarmed
rCold  + . .     Gourm    .     a - +0 robe
rNeg   + + +     Faith    .     (no shield)
rPois  ∞         Spirit   .     (no helmet)
rElec  .         Dismiss  .     (no cloak)
rCorr  .         Reflect  .     (no gloves)
SustAt .         Harm     .     (no boots)
MR     .....                    (no amulet)
Stlth  ++........               (no ring)
                                (no ring)

@: rotting, not resistant to hostile enchantments, unstealthy
A: rotting body, claws 1, carnivore 3, cold resistance 1, negative energy
resistance 3, slow regeneration 1, torment resistance, unbreathing
a: no special abilities


You were on level 2 of the Dungeon.
You were not hungry.

You visited 1 branch of the dungeon, and saw 2 of its levels.

You collected 81 gold pieces.

Inventory:

Armour
 a - a +0 robe (worn)
Jewellery
 j - an uncursed amulet of rage {unknown}
Scrolls
 c - 2 scrolls of teleportation {unknown}
 e - 2 scrolls of blinking {unknown}
 f - a scroll of fog {unknown}
 h - a scroll of random uselessness {unknown}
 i - 3 scrolls of remove curse {unknown}
 k - a scroll of enchant armour {unknown}
 l - a scroll of identify {unknown}
Potions
 b - a potion of might {unknown}
 d - 2 potions of heal wounds {unknown}
 g - 3 potions of flight {unknown}


   Skills:
 + Level 3.4 Fighting
 + Level 2.9 Dodging
 * Level 3.0 Stealth
 + Level 4.9 Unarmed Combat


You had 2 spell levels left.
You didn't know any spells.

Dungeon Overview and Level Annotations

Branches:
Dungeon (2/15)

Altars:
Kikubaaqudgha

Annotations:
D:2 Robin


Innate Abilities, Weirdness & Mutations

Your body is rotting away.
You thrive on raw meat.
You are immune to poison.
You have sharp fingernails.
You are carnivorous and can eat meat at any time.
Your flesh is cold resistant.
You are immune to negative energy.
You regenerate slowly when monsters are visible.
You are immune to unholy pain and torment.
You can survive without breathing.


Message History

The goblin is moderately wounded.
The goblin misses you. The goblin hits you with a dagger.
* * * LOW HITPOINT WARNING * * *
The goblin hits you but does no damage. Robin barely misses you.
You are too injured to fight recklessly!
You are too injured to fight recklessly!
You are too injured to fight recklessly!
The goblin closely misses you.
The goblin unwields an uncursed dagger.
The goblin wields a hunting sling.
The goblin shoots a stone.
The stone completely misses you. Robin throws the goblin at you!
* * * LOW HITPOINT WARNING * * *
Found 11 stones and a scroll labeled LYFATO GYAPH.
You closely miss the goblin. The goblin hits you but does no damage.
The goblin barely misses you. The goblin closely misses you.
You scratch the goblin.
You kill the goblin!
Robin throws the goblin at you!
* * * LOW HITPOINT WARNING * * *
The goblin hits you with a dagger.
You die...

..#.......#..
.#.......#..
...._..... .......#
......# ..g. .
#.####g####... ..
#(..g@gg...... ..
##.#.#g##########
...#..........### ..
.....++.........'.##..
#...(..
#.....[...#.##..
#......
#.........#.##..
#......
#.........#..#..
#..?...
#.........##.#.. ####
#.........##....


You could see Robin and 5 goblins.

Vanquished Creatures
  An ooze (D:2)
  2 giant geckos (D:2)
  A giant cockroach (D:2)
  4 hobgoblins (D:1)
  A quokka (D:2)
  4 bats
  2 giant newts (D:1)
  7 goblins
  3 kobolds
  2 rats (D:1)
27 creatures vanquished.

Notes
Turn   | Place    | Note
--------------------------------------------------------------
     0 | D:1      | LORDOFBUTT the Ghoul Monk began the quest for the Orb.
     0 | D:1      | Reached XP level 1. HP: 19/19 MP: 0/0
   243 | D:1      | Reached XP level 2. HP: 26/26 MP: 1/1
   883 | D:2      | Reached XP level 3. HP: 28/31 MP: 2/2
   909 | D:2      | Found an ancient bone altar of Kikubaaqudgha.
   910 | D:2      | Noticed Robin
   923 | D:2      | Slain by a goblin

Skill      XL: |  1  2  3 |
---------------+----------+-----
Stealth        | 3 |  3.0
Fighting       | |  3.4
Dodging        | |  2.9
Unarmed Combat | |  4.9

Action                   || total
-------------------------++-------
Melee: Unarmed           ||    66
 Stab: Sleeping          ||     6
  Eat: Chunk             ||     3
       Beef jerky        ||     2
       Meat ration       ||     1
       Pizza             ||     1
Armor: Robe              ||    15
Dodge: Dodged            ||    39
